 Dungeon Crawl Stone Soup version 0.29-a0-410-g9596d59a08 (webtiles) character file.

Game seed: 2927848943557054534

193 Bruhh the Ogre Mage (level 5, -2/67 HPs)
             Began as an Ogre Earth Elementalist on May 14, 2022.
             Killed from afar by Grinder (7 damage)
             ... with a puff of flame
             ... on level 3 of the Dungeon.
             The game lasted 00:04:10 (2724 turns).

Bruhh the Ogre Mage (Ogre Earth Elementalist)       Turns: 2724, Time: 00:04:11

Health: -2/67      AC:  3    Str: 10 (12) XL:     5   Next: 72%
Magic:  6/12       EV:  9    Int: 16 (18) God:
Gold:   84         SH:  0    Dex:  7 (9)  Spells: 12/13 levels left

rFire   . . .      SeeInvis .   f - +1 dagger (freeze)
rCold   . . .      Faith    .   (no shield)
rNeg    . . .      Spirit   .   b - +0 robe
rPois   .          Reflect  .   (helmet restricted)
rElec   .          Harm     .   (no cloak)
rCorr   .          Rampage  .   (gloves unavailable)
Will    .....                   (boots unavailable)
Stlth   ..........              (no amulet)
HPRegen 0.21/turn               d - ring of wizardry
MPRegen 0.13/turn               (no ring)

@: mighty, berserking, very quick
A: large, unfitting armour, tough skin 1
a: no special abilities


You were on level 3 of the Dungeon.
You visited 1 branch of the dungeon, and saw 3 of its levels.

You collected 84 gold pieces.

Inventory:

Hand Weapons
 f - a +1 dagger of freezing (weapon)
Missiles
 a - 21 stones
Armour
 b - a +0 robe (worn)
Jewellery
 d - a ring of wizardry (left hand)
 p - a ring of protection from cold
Scrolls
 j - a scroll of acquirement {unknown}
 q - a scroll of enchant armour {unknown}
Potions
 c - a potion of magic
 e - a potion of degeneration
 h - a potion of brilliance {unknown}
 k - a potion of cancellation {unknown}
 m - a potion of mutation {unknown}
 n - a potion of haste {unknown}


   Skills:
 - Level 1.7 Dodging
 - Level 1.4 Stealth
 + Level 4.8 Spellcasting
 - Level 0.8 Transmutations
 + Level 4.4 Earth Magic


You had 12 spell levels left.
You knew the following spells:

 Your Spells              Type           Power      Damage    Failure   Level
a - Sandblast             Erth           36%        2d10      1%          1

Your spell library contained the following spells:

 Spells                   Type           Power      Damage    Failure   Level
 Passwall                 Tmut/Erth      10%        N/A       3%          2
 Stone Arrow              Conj/Erth      20%        3d8       8%          3
 Gell's Gravitas          Tloc           3%         N/A       19%         3
 Lesser Beckoning         Tloc           3%         N/A       19%         3
 Teleport Other           Tloc           3%         N/A       19%         3
 Tukima's Dance           Hex            3%         N/A       19%         3
 Petrify                  Tmut/Erth      12%        N/A       21%         4
 Passage of Golubria      Tloc           3%         N/A       50%         4
 Yara's Violent Unravell  Hex/Tmut       2%         3d3       78%         5


Dungeon Overview and Level Annotations

Branches:
Dungeon (3/15)

Altars:

Annotations:
D:3 Grinder


Innate Abilities, Weirdness & Mutations

You are too large for most types of armour.
You have tough skin. (AC +1)


Message History

Pain shoots through your body!
As you read the scroll labelled PIASAHOTYD, it crumbles to dust.
Your body is wracked with pain!
* * * LOW HITPOINT WARNING * * *
The orc priest convulses!
The orc convulses!
It was a scroll of torment.
Grinder zaps a wand.
The puff of flame hits you.
* * * LOW HITPOINT WARNING * * *
The orc priest miscasts a cantrip.
It was a potion of degeneration.
There was something very wrong with that liquid.
You feel weakened.
You feel dopey.
You feel clumsy.
Grinder blinks!
The orc priest hits you with a +0 short sword.
* * * LOW HITPOINT WARNING * * *
It was a potion of might.
You feel very mighty all of a sudden. The orc priest barely misses you.
Okay, then.
You hit the orc priest but do no damage.
The orc priest is severely wounded.
The orc priest hits you with a +0 short sword.
* * * LOW HITPOINT WARNING * * *
It was a potion of berserk rage.
A red film seems to cover your vision as you go berserk!
You feel yourself moving faster!
You feel mighty! The orc priest barely misses you.
You hit the orc priest. You freeze the orc priest.
The orc priest is almost dead.
You closely miss the orc priest.
The orc priest is almost dead.
The orc priest hits you with a +0 short sword.
* * * LOW HITPOINT WARNING * * *
You closely miss the orc priest.
The orc priest is almost dead.
The orc priest calls upon Beogh to heal the orc.
The orc's wounds heal themselves!
You puncture the orc priest! You freeze the orc priest.
You kill the orc priest!
Grinder zaps a wand.
The puff of flame hits you!
You die...

########......#.#.#
#......#.#..
#......#§##..
#......#☼# ..#
#......#°# .##
#########+#..#○# ..#
#..........#.#§# ..# #
#..........#.#o# ..#.#
#..........#.#@# ...
#..........#.#.###.#
#..........#.#§5☼.☼#
###..........#.#######
.......<.........
###..........#.##
############.# #


You could see Grinder and an orc.

Vanquished Creatures
  An orc priest (D:3)
  2 jellies (D:2)
  An orc wizard (D:3)
  An adder (D:2)
  3 worms (D:2)
  4 bats
  9 endoplasms
  A giant cockroach (D:1)
  5 goblins
  A hobgoblin (D:2)
  11 jackals
  A quokka (D:2)
  3 ball pythons
  3 frilled lizards
  9 kobolds
  4 rats
59 creatures vanquished.

Vanquished Creatures (others)
  3 fungi (D:2)
  6 toadstools (D:2)
9 creatures vanquished.

Grand Total: 68 creatures vanquished

Notes
Turn   | Place    | Note
-------+----------+-------------------------------------------
     0 | D:1      | Bruhh the Ogre Earth Elementalist began the quest for the
                  | Orb.
     0 | D:1      | Reached XP level 1. HP: 16/16 MP: 3/3
   213 | D:1      | Reached XP level 2. HP: 17/24 MP: 2/5
   554 | D:1      | Reached XP level 3. HP: 20/31 MP: 1/7
  2209 | D:2      | Found a faded altar of an unknown god.
  2254 | D:2      | Reached XP level 4. HP: 39/39 MP: 7/9
  2528 | D:2      | Reached XP level 5. HP: 41/45 MP: 8/11
  2672 | D:3      | Noticed Grinder
  2724 | D:3      | Killed from afar by Grinder

Illustrated notes

Levels and vault maps discovered:
D:1:      minmay_arrival_shoal_huts, layout_basic
D:2:      cheibrodos_fertilizer, layout_basic,
          hellmonk_ecumenical_altar_crossroads, hangedman_decor_slide_cut
D:3:      layout_basic, serial_shops, shop, uniq_grinder

Skill      XL: |  1  2  3  4 |
---------------+-------------+-----
Earth Magic    | 3 4 |  4.4
Spellcasting   | 3 4 |  4.8
Dodging        | |  1.7
Stealth        | |  1.4
Transmutations | |  0.8

Action                   |  1- 3 |  4- 6 || total
-------------------------+-------+-------++-------
Melee: Unarmed           |    15 |       ||    15
       Dagger            |    56 |    12 ||    68
 Cast: Sandblast         |    51 |    29 ||    80
  Use: Potion            |       |     3 ||     3
       Scroll            |       |     2 ||     2
Armor: Robe              |    42 |     6 ||    48
Dodge: Dodged            |    51 |     9 ||    60

Table legend: (Time is in decaauts)
 A = Elapsed time spent in this place.
 B = Non-inter-level travel time spent in this place.
 C = Inter-level travel time spent in this place.
 D = Time resting spent in this place.
 E = Time spent auto-exploring this place.
 F = Levels seen in this place.
 G = Mean time per level.
                   A        B        C        D        E       F      G
               +--------+--------+--------+--------+--------+-----+--------+
         Total |   2723 |   2674 |     49 |      0 |   2282 |   3 |  907.7 |
       Dungeon |   2723 |   2674 |     49 |      0 |   2282 |   3 |  907.7 |
               +--------+--------+--------+--------+--------+-----+--------+

Top non-repeatable levels by time:
     D:2: 1441 daAuts
     D:1: 1178 daAuts
     D:3: 103 daAuts
